 Dungeon Crawl Stone Soup version 0.31-a0-564-g3b7de120b3 (webtiles) character file.

Game seed: 15092126959605674216

75 heikuro the Shield-Bearer (level 4, -2/37 HPs)
             Began as a Formicid Fighter on Aug 18, 2023.
             Slain by a gnoll
             ... wielding a +0 club
             ... led by a gnoll sergeant
              (4 damage)
             ... on level 4 of the Dungeon.
             The game lasted 00:02:49 (1706 turns).

heikuro the Shield-Bearer (Formicid Fighter)        Turns: 1706, Time: 00:02:50

Health: -2/37      AC: 10    Str: 23    XL:     4   Next: 55%
Magic:  0/4        EV:  8    Int:  7    God:
Gold:   150        SH:  5    Dex: 13    Spells: 3/3 levels left

rFire   . . .        a - +0 war axe
rCold   . . .        c - +0 buckler
rNeg    . . .        n - +0 chain mail
rPois   .            (helmet unavailable)
rElec   .            (no cloak)
rCorr   .            o - +0 pair of gloves
SInv    +            (no boots)
Will    .....        g - amulet of guardian spirit Stlth
                     (no ring)
HPRegen 0.26/turn    (no ring)
MPRegen 0.09/turn

%: guardian spirit
@: no status effects
A: permanent stasis, dig shafts and tunnels, antennae 3, four strong arms
a: Dig, Shaft Self


You were on level 4 of the Dungeon.
You visited 1 branch of the dungeon, and saw 4 of its levels.

You collected 150 gold pieces.

Inventory:

Hand Weapons
 a - a +0 war axe (weapon)
 h - a +1 short sword of venom
Missiles
 j - 2 poisoned darts (quivered)
Armour
 b - a +0 scale mail
 c - a +0 buckler (worn)
 n - a +0 chain mail (worn)
 o - a +0 pair of gloves (worn)
Jewellery
 g - an amulet of guardian spirit (around neck)
Scrolls
 e - a scroll of identify {unknown}
 k - a scroll of immolation {unknown}
 m - 3 scrolls of teleportation {unknown}
 p - a scroll of fog {unknown}
 t - a scroll of summoning {unknown}
 v - a scroll of vulnerability {unknown}
Potions
 d - a potion of might
 f - a potion of enlightenment {unknown}
 i - a potion of curing {unknown}
 l - a potion of brilliance {unknown}
 q - a potion of haste {unknown}
 r - a potion of heal wounds {unknown}
 s - a potion of attraction {unknown}
 u - a potion of lignification {unknown}


   Skills:
 + Level 3.8 Fighting
 * Level 3.1 Axes
 + Level 3.8 Armour
 + Level 4.6 Shields


You had 3 spell levels left.
You didn't know any spells.
Your spell library contained the following spells:

 Spells                   Type           Power      Damage    Failure   Level
 Sublimation of Blood     Necr           0%         N/A       99%         2
 Wereblood                Tmut           0%         N/A       99%         2
 Tukima's Dance           Hex            0%         N/A       100%        3
 Cause Fear               Hex            0%         N/A       100%        4
 Passage of Golubria      Tloc           0%         N/A       100%        4
 Fireball                 Conj/Fire      0%         3d3       100%        5
 Yara's Violent Unravell  Hex/Tmut       0%         3d3       100%        5
 Summon Hydra             Summ           0%         N/A       100%        7
 Dragon's Call            Summ           0%         N/A       100%        9


Dungeon Overview and Level Annotations

Branches:
Dungeon (4/15)
 Temple: D:4-7

Altars:


Innate Abilities, Weirdness & Mutations

You cannot be hasted, slowed, berserked, paralysed or teleported.
You can dig through walls and to a lower floor.
You have a pair of large antennae on your head. (SInv)
Your four strong arms can wield two-handed weapons with a shield.


Message History

The gnoll hits you with a +0 spear. The gnoll hits you but does no damage.
The gnoll sergeant hits you with a +0 trident!
The gnoll hits you but does no damage.
You hit the gnoll sergeant.
The gnoll sergeant is moderately wounded.
You slash the gnoll! You closely miss the gnoll.
A kobold comes into view. It is wielding a +0 dagger.
The gnoll hits you with a +0 spear. The gnoll barely misses you.
The gnoll sergeant hits you with a +0 trident.
Unknown command.
You are too injured to fight recklessly!
Unknown command.
You are too injured to fight recklessly!
Unknown command.
You are too injured to fight recklessly!
You are too injured to fight recklessly!
You completely miss the gnoll.
The gnoll is heavily wounded.
The kobold shouts!
You hit the gnoll but do no damage.
You hit the gnoll sergeant but do no damage.
The gnoll hits you but does no damage. x2
The gnoll sergeant hits you with a +0 trident!
* * * LOW HITPOINT WARNING * * *
The gnoll hits you but does no damage. You block the gnoll's attack.
The gnoll sergeant hits you but does no damage.
You slash the gnoll!
You kill the gnoll!
You slash the gnoll!
You hit the gnoll sergeant but do no damage.
The gnoll sergeant closely misses you. The gnoll hits you with a +0 club.
* * * LOW HITPOINT WARNING * * *
Unknown command.
You hit the gnoll sergeant.
The gnoll sergeant is moderately wounded.
You hit the gnoll but do no damage.
The gnoll sergeant hits you with a +0 trident!
* * * LOW HITPOINT WARNING * * *
The gnoll hits you with a +0 club.
You die...

... ... ... ...
... .. #.#[.
##. #.#. .... #
#.. .....
###.#.#g#...###
.......@†......
###...#)g.....#
+.. +........
#. #.K...... #
#........
#...##... #...#
... #...# ..


You could see a gnoll sergeant, a gnoll and a kobold.

Vanquished Creatures
  A gnoll (D:4)
  An adder (D:2)
  3 dart slugs
  6 endoplasms
  A giant cockroach (D:1)
  6 goblins (D:2)
  3 hobgoblins (D:1)
  2 quokkas (D:1)
  5 ball pythons
  7 bats
  6 frilled lizards
  5 kobolds
  7 rats
53 creatures vanquished.

Notes
Turn   | Place    | Note
-------+----------+-------------------------------------------
     0 | D:1      | heikuro the Formicid Fighter began the quest for the Orb.
     0 | D:1      | Reached XP level 1. HP: 18/18 MP: 1/1
   133 | D:1      | Reached XP level 2. HP: 24/24 MP: 2/2
   190 | D:1      | Found a faded altar of an unknown god.
   414 | D:1      | Reached XP level 3. HP: 13/29 MP: 1/3
  1080 | D:2      | Reached XP level 4. HP: 37/37 MP: 4/4
  1691 | D:3      | Noticed a gnoll sergeant
  1706 | D:4      | Slain by a gnoll

Illustrated notes

Levels and vault maps discovered:
D:1:      lightli_arrival_flooded_house, layout_basic, basic_ecumenical_altar,
          minmay_octomino_c4
D:2:      layout_loops_ring, minmay_misc_feat_ornament, serial_bayou_pond_c
D:3:      layout_rooms, uniq_robin
D:4:      layout_basic, uniq_sigmund, uniq_eustachio, uniq_duvessa

Skill      XL: |  1  2  3  4 |
---------------+-------------+-----
Axes           | 3 |  3.1
Fighting       | |  3.8
Armour         | |  3.8
Shields        | |  4.6

Action                     |  1- 3 |  4- 6 || total
---------------------------+-------+-------++-------
  Melee: War axe           |    93 |    40 ||   133
 Armour: Scale mail        |    29 |       ||    29
         Chain mail        |    10 |    32 ||    42
  Dodge: Dodged            |    38 |    14 ||    52
  Block: Buckler           |    26 |    13 ||    39

Table legend: (Time is in decaauts)
 A = Elapsed time spent in this place.
 B = Non-inter-level travel time spent in this place.
 C = Inter-level travel time spent in this place.
 D = Time resting spent in this place.
 E = Time spent auto-exploring this place.
 F = Levels seen in this place.
 G = Mean time per level.
                   A        B        C        D        E       F      G
               +--------+--------+--------+--------+--------+-----+--------+
         Total |   1762 |   1648 |    114 |      6 |   1163 |   4 |  440.5 |
       Dungeon |   1762 |   1648 |    114 |      6 |   1163 |   4 |  440.5 |
               +--------+--------+--------+--------+--------+-----+--------+

Top non-repeatable levels by time:
     D:1: 920 daAuts
     D:2: 807 daAuts
     D:3: 28 daAuts
     D:4: 6 daAuts
